 Dungeon Crawl Stone Soup version 0.18-a0-867-gfd1cc8f (webtiles) character file.

10558 M4edhros the Covert (level 11, -7/70 HPs)
             Began as an Octopode Artificer on Dec 21, 2015.
             Was a Priest of Fedhas.
             Mangled by a troll (8 damage)
             ... on level 11 of the Dungeon.
             The game lasted 00:28:51 (11634 turns).

M4edhros the Covert (Octopode Artificer)           Turns: 11634, Time: 00:28:52

Health: -7/70      AC:  1    Str:  8    XL:     11   Next: 64%
Magic:  16/16      EV: 22    Int: 15    God:    Fedhas [***...]
Gold:   632        SH:  5    Dex: 16    Spells: 0 memorised, 16 levels left

rFire  . . .     SeeInvis .     e - +2 dagger (speed)
rCold  . . .     Gourm    .     N - +0 buckler
rNeg   + . .     Faith    .     (helmet restricted)
rPois  .         Spirit   .     E - amulet of rage
rElec  .         Dismiss  .     q - ring of positive energy
rCorr  .         Reflect  .     F - ring of sustain attributes
SustAt +         Harm     .     K - +4 ring of evasion
MR     ++...                    (no ring)
Stlth  +++++++...               (no ring)
                                (no ring)
                                (no ring)
                                (no ring)

@: exhausted, slowed, very slow, very resistant to hostile enchantments,
extremely stealthy
A: almost no armour, amphibious, 8 rings, constrict 8, camouflage 1, agile 1,
blurry vision 1, dopey 1, magic resistance 2, weak 1, gelatinous body 1
a: Evolution, Sunlight, Growth, Renounce Religion, Evoke Berserk Rage


You were on level 11 of the Dungeon.
You worshipped Fedhas.
Fedhas was most pleased with you.
You were very hungry.

You visited 2 branches of the dungeon, and saw 12 of its levels.

You collected 632 gold pieces.

Inventory:

Hand Weapons
 a - a +0 trident of protection
 e - a +2 dagger of speed (weapon)
 n - a +0 blowgun of evasion
 y - a +0 hunting sling
 M - a +1 short sword of venom
Missiles
 h - 301 stones (quivered)
 z - 2 throwing nets
 O - 89 sling bullets
 W - 5 curare-tipped needles
Armour
 A - a +0 shield
 N - a +0 buckler (worn)
Jewellery
 q - a ring of positive energy (left tentacle)
 u - an uncursed amulet of regeneration {unknown}
 E - an amulet of rage (around mantle)
 F - a ring of sustain attributes (right tentacle)
 K - a +4 ring of evasion (on tentacle)
Wands
 b - a wand of flame (0/48)
 c - a wand of enslavement (9/24)
 d - a wand of random effects (0/48)
 s - a wand of digging (12/24)
 C - a wand of magic darts (6/48)
 D - a wand of paralysis (8/24)
 L - a wand of polymorph (4/24)
 V - a wand of random effects (37/48)
Scrolls
 p - 2 scrolls of blinking
 r - 3 scrolls of enchant armour
 t - a scroll of recharging
 v - 7 scrolls of remove curse
 w - a scroll of enchant weapon
 x - 4 scrolls of teleportation
 H - 4 scrolls of fear
 I - a scroll of torment {unknown}
 P - a scroll of magic mapping {unknown}
 Q - 3 scrolls of identify
 S - a scroll of acquirement {unknown}
 U - a scroll of immolation {unknown}
Potions
 i - a potion of flight
 j - 3 potions of magic
 X - a potion of resistance
Books
 o - a book of Callings

   Spells                             Type                      Level
   a - Summon Small Mammal            Summoning                    1
   b - Call Imp                       Summoning                    2
   c - Call Canine Familiar           Summoning                    3
   d - Summon Guardian Golem          Hexes/Summoning              3
   e - Summon Lightning Spire         Summoning/Air                4
   f - Summon Ice Beast               Ice/Summoning                4
 B - a book of Annihilations

   Spells                             Type                      Level
   a - Poison Arrow                   Conjuration/Poison           6
   b - Chain Lightning                Conjuration/Air              8
   c - Lehudib's Crystal Spear        Conjuration/Earth            8
   d - Glaciate                       Conjuration/Ice              9
   e - Fire Storm                     Conjuration/Fire             9
 J - a book of the Sky

   Spells                             Type                      Level
   a - Summon Lightning Spire         Summoning/Air                4
   b - Airstrike                      Air                          4
   c - Silence                        Hexes/Air                    5
   d - Deflect Missiles               Charms/Air                   6
   e - Conjure Ball Lightning         Conjuration/Air              6
   f - Tornado                        Air                          9
 R - a book of the Tempests

   Spells                             Type                      Level
   a - Static Discharge               Conjuration/Air              3
   b - Lightning Bolt                 Conjuration/Air              5
   c - Fireball                       Conjuration/Fire             5
   d - Tornado                        Air                          9
   e - Shatter                        Earth                        9
Miscellaneous
 G - a piece from Xom's chessboard
 T - a piece from Xom's chessboard
Comestibles
 f - 11 bread rations
 g - 2 meat rations
 k - 21 fruits
 m - 5 beef jerkies


   Skills:
 + Level 4.9 Fighting
 - Level 1.0 Short Blades
 + Level 5.6 Slings
 + Level 8.6 Dodging
 + Level 11.8 Stealth
 * Level 5.4 Shields
 + Level 3.3 Spellcasting
 * Level 6.7 Invocations
 + Level 7.9 Evocations


You had 16 spell levels left.
You didn't know any spells.

Dungeon Overview and Level Annotations

Branches:
Dungeon (11/15)            Temple (1/1) D:6
   Lair: D:8-11         Orc: D:9-12

Altars:
Ashenzari
Cheibriados
Dithmenos
Elyvilon
Fedhas
Gozag
Kikubaaqudgha
Makhleb
Nemelex Xobeh
Okawaru
Pakellas
Qazlal
Ru
Sif Muna
Trog
Vehumet
Xom
Yredelemnul
Zin
The Shining One


Innate Abilities, Weirdness & Mutations

You cannot wear most types of armour.
You are amphibious.
You can wear up to eight rings at the same time.
You can use your tentacles to constrict eight enemies at once.
Your skin changes colour to match your surroundings (Stealth).
Your rubbery body absorbs attacks (AC +1).
You are agile. (Dex +2)
Scrolls take you a little longer to read.
You are dopey. (Int -2)
You are highly resistant to hostile enchantments.
You are weak. (Str -2)


Message History

The troll barely misses you. The troll claws you but does no damage.
You block the troll's attack.
As you read the scroll of fear, it crumbles to dust.
You assume a fearsome visage.
The troll looks frightened!
The yak looks frightened! x3
The troll bites you!
* * * LOW HITPOINT WARNING * * *
The troll closely misses you. You block the troll's attack.
A killer bee comes into view.
The killer bee moves out of view.
A giant frog comes into view.
Read which item? (? for menu, Esc to quit)
Okay, then.
Drink which item? (? for menu, Esc to quit)
Okay, then.
Read which item? (? for menu, Esc to quit)
Really read with blurry vision while enemies are nearby?
The giant frog moves out of view.
The troll bites you!
You die...
Fedhas appreciates your contribution to the ecosystem.

#.#..........###
##.#Y.........
#.#....Y#..#.
#.#.....# ..#.###Y#
# ..###.# #.# ###.#
... ..# #.# ..#.#
#.#######.# ....
#.#..@T...# #.# #
####.#.####### ..#
.# #......# ..###.#
#......# ......#
#......#
......#.#......#
.####.#.#......#
.#..#.#.###....##.
......#............


You could see a troll.

Vanquished Creatures
  The ghost of Uberwunderbarhen the Cleaver, a journeyman OpFi of Makhleb (D:10)
  Sonja (D:11)
  An unseen horror (D:10)
  Pikel (D:9)
  A manticore (D:11)
  A cyclops (D:6)
  9 yaks
  Sigmund (D:5)
  A hippogriff (D:7)
  A sky beast (D:6)
  3 ogres
  A black bear (D:10)
  2 eyes of draining
  4 orc warriors
  3 phantoms
  4 ice beasts
  5 centaurs
  A crocodile (D:8)
  Blork the orc (D:7)
  4 giant frogs
  A gnoll sergeant (D:9)
  3 scorpions
  2 killer bees (D:9)
  11 wights
  8 orc priests
  6 crimson imps
  2 jellies
  8 orc wizards
  8 giant frog skeletons
  4 iguanas
  Terence (D:2)
  5 hounds
  Natasha (thrice) (D:2)
  4 worker ants
  A sheep (D:10)
  A hound zombie (D:3)
  A hound skeleton (D:5)
  A worker ant zombie (D:3)
  8 gnolls
  8 adders
  A shadow imp (D:10)
  2 oozes
  3 adder skeletons
  2 worms
  2 giant geckos
  27 orcs
  8 giant cockroaches
  13 goblins
  11 hobgoblins
  10 jackals
  6 kobolds
  2 ball pythons
  3 bats
  3 giant gecko skeletons
  7 giant newts
  2 jackal skeletons
  7 quokkas
  A quokka skeleton (D:5)
  23 rats
265 creatures vanquished.

Vanquished Creatures (collateral kills)
  2 hill giants (D:10)
  A deep elf mage (D:10)
  A troll (D:9)
  A hungry ghost (D:7)
  An ogre (D:6)
  2 phantoms
  A sky beast (D:7)
  A killer bee (D:9)
  2 orc priests
  A hound (D:8)
  An orc wizard (D:3)
  2 worker ants
  A shadow imp (D:6)
  8 orcs
25 creatures vanquished.

Vanquished Creatures (others)
  A yak (D:10)
  A hippogriff (D:9)
  3 slaves (D:9)
  A necrophage (D:9)
  An ogre (D:8)
  A phantom (D:10)
  A scorpion (D:9)
  2 wights (D:9)
  A hound (D:9)
  An orc wizard (D:9)
  4 sheep (D:10)
  A killer bee zombie (D:7)
  2 orcs (D:9)
  6 wandering mushrooms
  119 toadstools
145 creatures vanquished.

Grand Total: 435 creatures vanquished

Notes
Turn   | Place    | Note
--------------------------------------------------------------
     0 | D:1      | M4edhros the Octopode Artificer began the quest for the Orb.
     0 | D:1      | Reached XP level 1. HP: 13/13 MP: 3/3
    22 | D:1      | Reached XP level 2. HP: 12/18 MP: 4/4
   366 | D:1      | Reached XP level 3. HP: 8/23 MP: 5/5
   669 | D:2      | Noticed Terence
   675 | D:2      | Killed Terence
   728 | D:2      | Noticed Natasha
   788 | D:2      | Killed Natasha
   788 | D:2      | Reached skill level 4 in Stealth
   788 | D:2      | Reached XP level 4. HP: 18/28 MP: 6/6
  1146 | D:3      | Reached XP level 5. HP: 29/33 MP: 6/8
  1294 | D:4      | Reached skill level 5 in Stealth
  1385 | D:4      | Reached XP level 6. HP: 29/38 MP: 9/9
  2154 | D:4      | Reached skill level 6 in Stealth
  2426 | D:5      | Entered Level 5 of the Dungeon
  2719 | D:5      | Noticed Sigmund
  2808 | D:5      | Killed Sigmund
  2808 | D:5      | Reached skill level 5 in Dodging
  2808 | D:5      | Reached XP level 7. HP: 5/43 MP: 10/10
  2856 | D:5      | Reached skill level 7 in Stealth
  3208 | D:5      | Reached skill level 5 in Evocations
  3572 | D:5      | Reached skill level 8 in Stealth
  3751 | D:6      | Reached XP level 8. HP: 48/48 MP: 10/12
  3823 | D:6      | Found a staircase to the Ecumenical Temple.
  3871 | Temple   | Entered the Ecumenical Temple
  3914 | Temple   | Became a worshipper of Xom of Chaos
  3929 | Temple   | Fell from the grace of Xom
  3929 | Temple   | Became a worshipper of Fedhas Madash
  4590 | D:2      | Reached * piety under Fedhas
  4637 | D:2      | XOM: summons 6 hostile demons
  4668 | D:2      | Noticed Natasha
  4676 | D:2      | Killed Natasha
  4684 | D:2      | Noticed Natasha
  4692 | D:2      | Killed Natasha
  4717 | D:3      | Reached skill level 1 in Slings
  5333 | D:6      | Reached skill level 9 in Stealth
  5411 | D:6      | Noticed a cyclops
  5584 | D:6      | Gained mutation: You are weak. (Str -2) [potion of mutation]
  5584 | D:6      | Gained mutation: You are resistant to hostile enchantments. [potion of mutation]
  5584 | D:6      | Gained mutation: You are agile. (Dex +2) [potion of mutation]
  5585 | D:6      | Gained mutation: You are highly resistant to hostile enchantments. [potion of mutation]
  5585 | D:6      | Gained mutation: You are covered in fur (AC +1). [potion of mutation]
  5585 | D:6      | Gained mutation: Scrolls take you a little longer to read. [potion of mutation]
  5793 | D:6      | Reached XP level 9. HP: 54/54 MP: 13/13
  5797 | D:6      | Found a basalt altar of Yredelemnul.
  5803 | D:6      | Reached ** piety under Fedhas
  5954 | D:6      | Reached skill level 10 in Stealth
  6004 | D:6      | Found an opulent altar of Gozag.
  6066 | D:6      | Killed a cyclops
  6363 | D:7      | XOM: 3-stop teleportation journey
  6513 | D:7      | Reached skill level 1 in Shields
  6536 | D:7      | Reached skill level 1 in Invocations
  6850 | D:7      | Found a bloodstained altar of Trog.
  6886 | D:7      | XOM: noise
  6933 | D:7      | Noticed Blork the orc
  6949 | D:7      | Killed Blork the orc
  6950 | D:7      | Found a deep blue altar of Sif Muna.
  7323 | D:8      | XOM: noise
  7379 | D:8      | Got a crystal quarterstaff
  7385 | D:8      | Identified the +5 quarterstaff of Optimality {antimagic, rF+ Stlth+} (You found it on level 8 of the Dungeon)
  7390 | D:8      | XOM: medium Divn miscast
  7447 | D:8      | Reached XP level 10. HP: 63/63 MP: 14/14
  7601 | D:8      | XOM: polymorph wandering mushroom -> death cob
  7668 | D:8      | Reached skill level 1 in Spellcasting
  7748 | D:8      | Reached *** piety under Fedhas
  7813 | D:8      | Found a glowing silver altar of Zin.
  8165 | D:9      | Noticed Pikel
  8181 | D:9      | Killed Pikel
  8181 | D:9      | Reached skill level 11 in Stealth
  8613 | D:9      | XOM: mild Hex miscast
  8889 | D:9      | Found a burning altar of Makhleb.
  8892 | D:9      | Found a shadowy altar of Dithmenos.
  8895 | D:9      | Found a white marble altar of Elyvilon.
  9222 | D:9      | Found a burning altar of Makhleb.
  9279 | D:9      | Found a blossoming altar of Fedhas.
  9294 | D:9      | XOM: mild Divn miscast
  9370 | D:10     | Entered Level 10 of the Dungeon
  9410 | D:10     | Noticed Uberwunderbarhen's ghost (journeyman OpFi)
  9637 | D:10     | Found a shimmering altar of Xom.
  9654 | D:10     | XOM: mild Ice miscast
  9681 | D:10     | XOM: medium Hex miscast
  9736 | D:10     | Reached skill level 5 in Slings
  9736 | D:10     | Reached skill level 5 in Invocations
  9749 | D:10     | XOM: swap monsters
  9775 | D:10     | XOM: noise
  9791 | D:10     | Noticed a hill giant
  9801 | D:10     | Killed a hill giant
  9801 | D:10     | Reached XP level 11. HP: 58/70 MP: 1/16
  9902 | D:10     | XOM: medium Ice miscast
 10024 | D:10     | XOM: medium Hex miscast
 10129 | D:10     | Noticed a hill giant
 10138 | D:10     | Killed a hill giant
 10462 | D:10     | Noticed an unseen horror
 10477 | D:10     | Killed an unseen horror
 10615 | D:10     | XOM: swap monsters
 10617 | D:10     | XOM: swap monsters
 10618 | D:10     | XOM: swap monsters
 10619 | D:10     | XOM: swap monsters
 10625 | D:10     | XOM: noise
 10626 | D:10     | XOM: swap monsters
 10636 | D:10     | Killed Uberwunderbarhen's ghost
 10650 | D:10     | XOM: noise
 10654 | D:10     | XOM: swap monsters
 10655 | D:10     | XOM: blink monster(s)
 10656 | D:10     | XOM: give mutations
 10656 | D:10     | Lost mutation: You are covered in fur (AC +1). [Xom's mischief]
 10656 | D:10     | Gained mutation: You are dopey. (Int -2) [Xom's mischief]
 10994 | D:10     | XOM: noise
 11006 | D:10     | Reached skill level 5 in Shields
 11034 | D:10     | XOM: medium Fire miscast
 11044 | D:10     | XOM: medium Necr miscast
 11160 | D:10     | XOM: mild Trmt miscast
 11341 | D:11     | XOM: swap monsters
 11342 | D:11     | XOM: swap monsters
 11343 | D:11     | XOM: swap monsters
 11344 | D:11     | XOM: swap monsters
 11372 | D:11     | Noticed Sonja
 11374 | D:11     | XOM: swap monsters
 11375 | D:11     | XOM: swap monsters
 11442 | D:11     | XOM: swap monsters
 11443 | D:11     | XOM: noise
 11444 | D:11     | XOM: swap monsters
 11445 | D:11     | XOM: swap monsters
 11446 | D:11     | XOM: swap monsters
 11447 | D:11     | XOM: confusion (+ monsters)
 11448 | D:11     | XOM: swap monsters
 11476 | D:11     | Killed Sonja
 11601 | D:11     | XOM: blink monster(s)
 11602 | D:11     | XOM: swap monsters
 11603 | D:11     | XOM: swap monsters
 11604 | D:11     | XOM: swap monsters
 11605 | D:11     | XOM: swap monsters
 11606 | D:11     | XOM: swap monsters
 11607 | D:11     | XOM: swap monsters
 11632 | D:11     | HP: 1/70 [troll (11)]
 11634 | D:11     | Mangled by a troll

Vault maps used:
D:1:      dpeg_arrival_short_road, kennysheep_boxes
D:2:      minmay_rat_hole, uniq_terence, uniq_natasha
D:3:      serial_undead, serial_undead_b, serial_undead_c, serial_undead_d,
          serial_undead_e
D:4:      kennysheep_goblin_castle, first_bread
D:5:      uniq_sigmund
D:6:      yredelemnul_altar_generic,
          nicolae_gozag_cash_rules_everything_around_me,
          minmay_temple_entry_glass
D:7:      tgw_sif, trog_three_pillars_becter
D:8:      kennysheep_little_box
D:9:      wad_pebble_path, grunt_temple_overflow_diamond, hangedman_tree_tricks,
          bloody_makhleb, uniq_pikel
D:10:     kb_xom_exploding_sheep
D:11:     lair_0_dummy, uniq_sonja
Temple:   nicolae_temple_god_jail

Action                   |  1- 3 |  4- 6 |  7- 9 | 10-12 || total
-------------------------+-------+-------+-------+-------++-------
Melee: Short sword       |     7 |       |       |       ||     7
       Spear             |    38 |   135 |     4 |       ||   177
       Dagger            |     8 |       |   271 |   332 ||   611
       Unarmed           |       |       |     5 |       ||     5
       Trident           |       |       |    16 |   140 ||   156
 Fire: Hunting sling     |       |       |       |    12 ||    12
Invok: Evolution         |       |       |     3 |     4 ||     7
       Sunlight          |       |       |     2 |     2 ||     4
 Abil: Evoke Berserk Rag |       |       |     1 |     3 ||     4
Evoke: Wand              |     3 |    12 |    19 |     8 ||    42
       Piece from Xom's  |       |       |       |    31 ||    31
  Use: Scroll            |       |     7 |     9 |     2 ||    18
       Potion            |       |       |     9 |     3 ||    12
 Stab: Sleeping          |     6 |    15 |    39 |    16 ||    76
       Distracted        |     1 |       |     1 |     1 ||     3
       Paralysed         |       |     4 |     6 |     3 ||    13
       Confused          |       |       |       |    12 ||    12
  Eat: Chunk             |       |     2 |     4 |     2 ||     8
       Meat ration       |       |     1 |     3 |     2 ||     6
       Pizza             |       |       |       |     1 ||     1
